Cogmind - Beta 13 @@@ ROGUE MODE // 2024.04.11 @ 15:46:13 Player: Sap Result: Destroyed by G-34 Mercenary with Small Laser Performance ------------- Evolutions (0) 0 Regions Visited (1) 200 Robots Destroyed (18) 90 Value Destroyed (557) 557 Prototype IDs (2) 40 Alien Tech Used (0) 0 Bonus (0) 0 TOTAL SCORE: 887 Bonus ------- None Cogmind --------- Core Integrity 0/250 Matter 280/300 Energy 247/250 System Corruption 0% Temperature Hot (263) Movement Flying (117) Ox1 Location -10/Materials Parts ------- > --- POWER (1) -------- Ion Engine > --- PROPULSION (2) --- Flight Unit Flight Unit > --- UTILITY (2) ------ Sensor Array Signal Interpreter > --- WEAPON (2) ------- Medium Laser Light Assault Rifle > --- INVENTORY (5) ---- Flight Unit Flight Unit Flight Unit Flight Unit Datajack Peak State ------------ > --- POWER ------------ Ion Engine > --- PROPULSION ------- Light Treads Light Treads > --- UTILITY ---------- Small Storage Unit ECM Suite > --- WEAPON ----------- EM Pulse Gun Light Assault Rifle > --- INVENTORY -------- Ion Engine Aluminum Leg Aluminum Leg Small Laser [Rating: 7] Favorites ----------- Power Ion Engine Engine Ion Engine Propulsion Flight Unit Treads Light Treads Leg Aluminum Leg Flight Unit Flight Unit Utility Large Storage Unit Device Sensor Array Storage Large Storage Unit Processor Signal Interpreter Weapon Datajack Energy Gun Small Laser Ballistic Gun Assault Rifle Special Melee Weapon Datajack Build | -11 -10 ------- Run | Yrd Mat Slots Evolved . | . . Power . | . . Propulsion . | . . Utility . | . . Weapon . | . . Parts Attached 35 | 6 29 Power 5 | 1 4 Engine 5 | 1 4 Core . | . . Reactor . | . . Propulsion 6 | 2 4 Treads 2 | 2 . Leg 2 | . 2 Wheel . | . . Hover . | . . Flight 2 | . 2 Utility 10 | 1 9 Device 2 | . 2 Storage 6 | 1 5 Processor 2 | . 2 Hackware . | . . Protection . | . . Artifact . | . . Weapon 14 | 2 12 Energy Gun 5 | 1 4 Energy Cannon . | . . Ballistic Gun 4 | 1 3 Ballistic Cannon . | . . Launcher . | . . Special Weapon . | . . Impact Weapon . | . . Slashing Weapon . | . . Piercing Weapon . | . . Special Melee Weapon 5 | . 5 Unidentified Prototypes . | . . Parts Lost 6 | . 6 Power 1 | . 1 Propulsion 2 | . 2 Utility 1 | . 1 Weapon 2 | . 2 Highest Loss Streak 2 | . 2 To Critical Strikes . | . . Average Slot Usage (%) 88 | . 88 Engine 13 | . 13 Treads 10 | . 10 Leg 4 | . 4 Flight 11 | . 11 Device 5 | . 5 Storage 8 | . 8 Processor 6 | . 6 Energy Gun 8 | . 8 Ballistic Gun 11 | . 11 Special Melee Weapon 7 | . 7 Naked Turns . | . . Heaviest Build 31 | 13 31 Greatest Support 40 | 40 40 Greatest Overweight (x) 1 | . 1 Average Overweight (x) . | . . Largest Inventory Capacity 20 | 8 20 Average Capacity 10 | 7 10 Most Carried 9 | 4 9 Average Carried 6 | 2 6 Final Capacity 8 | 8 5 Final Carried 5 | 4 5 Class Distribution -------------------- 100% | Mutant Dominant Class ---------------- Mutant | -10/Materials Resources | -11 -10 ----------- Run | Yrd Mat Matter Collected 696 | 232 464 Remotely . | . . Salvage Created 704 | . 704 Parts 36 | . 36 Haulers Intercepted 1 | . 1 Recyclers Shooed . | . . Parts Field Recycled . | . . Retrieved Matter . | . . Parts Self-Destructed . | . . Prevented . | . . Kills | -11 -10 ------- Run | Yrd Mat Combat Hostiles Destroyed 13 | . 13 Guns 13 | . 13 Classes Destroyed 4 | . 4 Hauler 1 | . 1 Recycler 1 | . 1 Watcher 3 | . 3 Grunt 13 | . 13 Best Kill Streak 3 | . 3 Combat Bots Only 3 | . 3 Max Kills in Single Turn 2 | . 2 Gunslinging . | . . Exploded . | . . Melee . | . . Uniques/NPCs Destroyed . | . . Combat | -11 -10 -------- Run | Yrd Mat Hostile Shots Fired 105 | . 105 Missed 27 | . 27 Damage Taken 1114 | . 1114 Core 251 | . 251 Absorbed by Shields . | . . Core Remaining (%) 100 | 100 . Volleys Fired 93 | 1 92 Largest 2 | 2 2 Hottest 70 | 60 70 Shots Fired 149 | 2 147 Gun 149 | 2 147 Cannon . | . . Launcher . | . . Special . | . . Kinetic 79 | 1 78 Thermal 58 | . 58 Explosive . | . . Electromagnetic 12 | 1 11 Robot Hit Streak 17 | 1 17 Robot Miss Streak 5 | 1 5 Penetration Max . | . . Secondary Targets . | . . Shots Hit Robots 119 | 1 118 Core Hits 36 | . 36 Critical Kills . | . . Critical Parts Destroyed . | . . Critical Strikes . | . . Melee Attacks 23 | . 23 Impact . | . . Slashing . | . . Piercing . | . . Sneak Attacks 20 | . 20 Combat Hostiles . | . . Follow-up Attacks . | . . Damage Inflicted 1398 | 10 1388 Guns 1124 | 7 1117 Cannons . | . . Explosions 263 | . 263 Melee . | . . Ramming 11 | 3 8 Kinetic 601 | 7 594 Thermal 419 | . 419 Explosive 263 | . 263 Electromagnetic 104 | . 104 Impact . | . . Slashing . | . . Piercing . | . . Highest Corruption . | . . Average Corruption . | . . Corruption Purged . | . . Corruption Blocked . | . . Overload Shots . | . . Overflow Damage 109 | . 109 Projectiles . | . . Explosions 109 | . 109 Melee . | . . Knockbacks . | . . Impact . | . . Kinetic . | . . Secondary . | . . Self-Inflicted Damage 147 | . 147 Shots 2 | . 2 Rammed 2 | 1 1 Targets Rammed 3 | 1 2 Kicked 1 | . 1 Crushed . | . . Highest Temperature 257 | 20 257 Average Temperature 44 | 15 44 Received Heat Transfer 549 | . 549 Siege Activations . | . . Robots Corrupted . | . . Combat Hostiles . | . . Parts Fried . | . . Impact Corruptions . | . . Robots Melted . | . . Combat Hostiles . | . . Parts Melted . | . . Heat Transferred 1021 | . 1021 Parts Sabotaged . | . . Parts Stolen . | . . Parts Stripped . | . . Power Chain Reactions . | . . Alert | -11 -10 ------- Run | Yrd Mat Peak Influence 193 | . 193 Initial . | . . Average 78 | . 82 Maximum Alert Level . | . . Low Security (%) 100 | 100 100 Level 1 . | . . Level 2 . | . . Level 3 . | . . Level 4 . | . . Level 5 . | . . High Security . | . . Max Security . | . . Squads Dispatched 3 | . 3 Investigation 3 | . 3 Extermination . | . . Reinforcement . | . . Assault . | . . Garrison . | . . Intercept . | . . Searches Triggered . | . . Construction Impeded . | . . Haulers Reinforced . | . . Active Scanning Responses . | . . Cargo Convoy Interrupts . | . . Stealth | -11 -10 --------- Run | Yrd Mat Distress Signals 5 | . 5 Communications Jammed . | . . Distress Signals . | . . Times Spotted 27 | . 27 Peak Tracking Total 5 | . 5 Tactical Retreats 2 | . 2 Traps | -11 -10 ------- Run | Yrd Mat Traps Triggered . | . . Indirectly . | . . Trap Hack Attempts . | . . Triggered . | . . Disarmed . | . . Reprogrammed . | . . Reused . | . . Traps Extracted . | . . Installed . | . . Triggered . | . . Machines | -11 -10 ---------- Run | Yrd Mat Machines Disabled 2 | . 2 Max in Single Turn 2 | . 2 Machines Repaired . | . . Machines Dismantled . | . . Machines Sabotaged . | . . Overloaded Fab Kills . | . . Hacking | -11 -10 --------- Run | Yrd Mat Machines Accessed 6 | . 6 Terminals 4 | . 4 Fabricators . | . . Repair Stations . | . . Recycling Units 2 | . 2 Scanalyzers . | . . Garrison Access . | . . Total Hacks 19 | . 19 Successful 8 | . 8 Failed 10 | . 10 Catastrophic . | . . Database Lockouts 1 | . 1 Manual 21 | . 21 Terminals 13 | . 13 Fabricators . | . . Repair Stations . | . . Recycling Units 6 | . 6 Scanalyzers . | . . Garrison Access . | . . Terminal Hacks 2 | . 2 Robot Analysis 1 | . 1 Prototype ID Bank 1 | . 1 Fabricator Hacks . | . . Repair Station Hacks . | . . Recycling Unit Hacks 2 | . 2 Report Inventory 1 | . 1 Retrieve Components 1 | . 1 Scanalyzer . | . . Garrison Access Hacks . | . . Unauthorized Hacks 4 | . 4 Terminals . | . . Fabricators . | . . Repair Stations . | . . Recycling Units 4 | . 4 Reject 2 | . 2 Tunnel 2 | . 2 Scanalyzers . | . . Garrison Access . | . . Data Cores Recovered . | . . Used . | . . Hacking Detections 5 | . 5 Full Trace Events . | . . Feedback Events . | . . Feedback Blocked . | . . Robot Schematics Acquired . | . . Robots Built . | . . Authchips . | . . Time . | . . Total Robot Build Rating . | . . Part Schematics Acquired . | . . Parts Built . | . . Authchips . | . . Time . | . . Total Part Build Rating . | . . Parts Repaired . | . . Time . | . . Parts Recycled . | . . Recycled Matter . | . . Retrieved Matter . | . . Retrieved Components 2 | . 2 Parts Scanalyzed . | . . Part Schematics Acquired . | . . Parts Damaged . | . . Bothacking | -11 -10 ------------ Run | Yrd Mat Used RIF Installer . | . . Robots Hacked 9 | . 9 Non-combat 7 | . 7 Combat 2 | . 2 Robot Hacks Applied 16 | . 16 parse_system 12 | . 12 no_distress 3 | . 3 find_station 1 | . 1 Relay Couplers Released . | . . Fabnet Peak Effective % . | . . Robots Rewired . | . . Allies Hacked . | . . Hacks Repelled . | . . Allies | -11 -10 -------- Run | Yrd Mat Total Allies . | . . Largest Group . | . . Highest-Rated Group . | . . Highest-Rated Ally . | . . Total Orders . | . . Ally Attacks . | . . Total Damage . | . . Kills . | . . Allies Corrupted . | . . Allies Melted . | . . Intel | -11 -10 ------- Run | Yrd Mat Robot Analysis Total 1 | . 1 Derelict Logs Recovered . | . . Drone Launches . | . . Drone Recoveries . | . . Exploration | -11 -10 ------------- Run | Yrd Mat Turns Passed 2153 | 111 2042 Spaces Moved 2055 | 60 1995 Core 2 | 2 . Treads 456 | 58 398 Legs 108 | . 108 Wheels . | . . Hover . | . . Flight 1489 | . 1489 Fastest Speed 37 | 50 37 Average Speed 74 | 156 71 Slowest Speed 240 | 160 240 Overloaded Moves . | . . Propulsion Burnouts . | . . Robots Hopped 3 | . 3 Cave-ins Triggered . | . . Exploration Rate (%) 52 | 5 99 Regions Visited 1 Branch Regions . Pre-discovered Areas 2 | . 2 Known Exits Taken . | . . Unknown Exits Taken 1 | 1 . Scrap Searched . | . . Spaces Dug . | . . Terrain Destroyed 36 | . 36 Melee . | . . Projectile . | . . AOE 36 | . 36 Terrain Rammed . | . . Walls Destroyed . | . . Machines Disabled . | . . Actions | -11 -10 --------- Run | Yrd Mat Total 2520 | 72 2448 Wait 278 | . 278 Move 2049 | 60 1989 Hop 3 | . 3 Pick Up 19 | 5 14 Fast Attach 12 | 5 7 Attach 9 | 1 8 Detach . | . . Swap 14 | . 14 Drop 18 | . 18 Fire 93 | 1 92 Melee 23 | . 23 Ram . | . . Kick 1 | . 1 Crush 1 | . 1 Escape Stasis . | . . Rewire . | . . Trap . | . . Miscellaneous . | . . Route ------- -11/Scrapyard -10/Materials (discovered 5 exits: [*Mat x3] / [*Min] / [*Sub]) History --------- Turn | Location | Event 7 | -11/Scrapyard | Discovered new exit (range 16) 112 | -11/Scrapyard | Entered Materials 311 | -10/Materials | Build established: Mutant 974 | -10/Materials | Core integrity fell below 50% 1420 | -10/Materials | Discovered new exit (range 16) 1451 | -10/Materials | Discovered new exit (range 5) 1575 | -10/Materials | Discovered new exit (range 6) 1642 | -10/Materials | Discovered new exit (range 5) 1784 | -10/Materials | Central database locked down 1972 | -10/Materials | Discovered new exit (range 7) 2133 | -10/Materials | Core integrity fell below 20% 2154 | -10/Materials | Destroyed by G-34 Mercenary with Small Laser Last Messages --------------- 01977_ U-05 Engineer builds a Wall. 02018_ K-01 Serf cleans the Electrolysis Chamber. 02049_ Acquired 5 matter. 02088_ Extracted 1 energy. 02089_ Connecting with Recycling Unit... >>Force(Tunnel) DISCOVERED[-2/Quarantine] 02089_ ALERT: Suspicious activity at Recycling Unit M002. Dispatching Investigation squad. 02090_ Acquired 5 matter. 02095_ Extracted 2 energy. 02096_ Connecting with Recycling Unit... >>Force(Tunnel) DISCOVERED[-3/Research] 02096_ ALERT: Suspicious activity at Recycling Unit M001. Dispatching Investigation squad. 02125_ Jacked G-34 Mercenary... >>parse_system Reading system data... 02133_ G-34 Mercenary destroyed. Map ----- +----------------------------------------------------+ | ?????????# ## ""# ######### ###??# | | ?????????# ## # #???????# #????# | | ?????????# ######## #########+#????# | | ???####### ######## #] #????# #####+### | | ???# # # # ###### ## | | ???# < # """ # # """ ## # ##""" | | ???# # """ # # """ ## # ##""" | | ######## # """ # # !!! """ ## # ##""" | | # # # + !!! """ ## # ##""" ! | | # # """ # # !!! """ ## # ##""" | | + # """ # # ## # ## | | # # """ # ############ # ## | | # # # #======######+## ## | | # # """ + #="""!*# + ######### | | # # """ # #!"Y"=[# # | | # # """ # +**!!=!+ "" # | | #+###### # =# #!*=!==# T" + | | # #????# ######## #=!*!==# "" #### | | # #????# %######## #??# | | # #????# ##################+####### | | # #????# % ## #????# ### | | # #?############### ## #????# + | | # #?# !#?# ## ""#????# """ ### | | # #?# #?# ## !Y"#????# """ #?# | | #+### """ """ #?# ## ==!""#????# !!! """ #?# | | # """ """ ### ## @*= #????# !!! #?# | | # """ """ ## ###g#######?# !! ] #?# | | " # ## x x%%= #?# #?# | | " ###+########## x = #?###########?# | | " # ######### #???# #??# | | + ###+### #???# #??# | | " # ################ # #???# #### | | " # #??????????????# # #???# """ + | | " ## ##??????????????# # #???# """ #####+ | | ## ########????????# #####???# """ ## | | ## + ! #????????# #???????######### """ | | ###### # #????????# #???????????????# "R" | | ?????# # """ #????????# #???????????????# " " | | ?????#### """ #????????# #???????????????# | | ????????# """ #????????# #???????????????# | | ????????# #????????######???????????????# | | ????????########?????????????????????????????# | | ?????????????????????????????????????????????##### | | ?????????????????????????????????????????????????? | | | | | | | | | | | | | +----------------------------------------------------+ Best States ------------- Heat Dissipation 25 Energy Generation 10 Energy Capacity 250 Matter Stores 300 Matter Capacity 300 Sight Range 16 Robot Scan Range 14 Terrain Scan Density 10 ECM Strength 1 Evasion (%) 62 Targeting Accuracy 5 Recoil Reduction 2 Item Schematics ----------------- None Robot Schematics ------------------ None Fabricated ------------ Nothing Alien Tech Used ----------------- None Achievements -------------- None Challenges ------------ None Game ------ Seed PotentialMagneticBrace Manual? 0 Play Time 00:52:28 Cumulative 16.7 hours Start 2024.04.08 @ 20:50:17 End 2024.04.11 @ 15:46:13 Sessions 7 Manual Loads 0 Difficulty Rogue Special Mode None Game No. 13 Rogue 12 Adventurer 0 Explorer 1 Win Type - Total 0 Types 0/0/0/0/0/0/0/0/0 Lore% 8 Gallery% 20 Achievement% 13 Wizard Run 0 Options --------- Layout 0 ASCII 0 Keyboard 0 Movement Numpad Keybinds 0 Fullscreen 2 Font 24/Smallcaps Map View 76x50 Zoom Use 2% Tactical HUD 1 Map Filters NONE Filters NONE Steam 1 RUN: 31d64726-30bf-4ad5-8060-996983093d47